 Dungeon Crawl Stone Soup version 0.25-a0-294-gea9b1ad378 (webtiles) character file.

Game seed: 4317974231528208321, levelgen mode: deterministic

1412 Goblin1989 the Thaumaturge (level 8, -1/58 HPs)
             Began as a Gnoll Wizard on Dec 17, 2019.
             Was a Believer of Kikubaaqudgha.
             Slain by a hippogriff (9 damage)
             ... on level 7 of the Dungeon.
             The game lasted 00:24:42 (10488 turns).

Goblin1989 the Thaumaturge (Gnoll Wizard)          Turns: 10488, Time: 00:24:43

Health: -1/58      AC:  8    Str: 11    XL:     8   Next: 70%
Magic:  2/20       EV: 15    Int: 22    God:    Kikubaaqudgha [**....]
Gold:   348        SH:  0    Dex: 13    Spells: 5/23 levels left

rFire    . . .     SeeInvis .   W - +2 trident (freeze)
rCold    + . .     Gourm    .   (no shield)
rNeg     . . .     Faith    .   w - +0 robe {MR+}
rPois    .         Spirit   .   b - +0 hat
rElec    .         Reflect  .   (no cloak)
rCorr    .         Harm     .   S - +2 pair of gloves
MR       +....                  m - +2 pair of boots
Stlth    +++.......             (no amulet)
HPRegen  1.19/turn              c - ring of protection from cold
MPRegen  0.17/turn              (no ring)

@: very slightly contaminated, regenerating (expiring)
A: distributed training, fangs 1, strong nose
a: Receive Corpses, Renounce Religion


You were on level 7 of the Dungeon.
You worshipped Kikubaaqudgha.
Kikubaaqudgha was pleased with you.
You were hungry.

You visited 1 branch of the dungeon, and saw 7 of its levels.

You collected 348 gold pieces.

Inventory:

Hand Weapons
 y - a +1 rapier
 D - a +0 hunting sling
 L - a +3 mace of freezing
 N - a +0 dagger of flaming
 W - a +2 trident of freezing (weapon)
Missiles
 f - 104 stones {@Q3}
 x - 19 bolts
 B - 8 poisoned darts
 C - 66 sling bullets
 F - 110 arrows
 Q - 8 silver boomerangs
 U - 4 boomerangs
 X - 2 javelins (quivered) {@Q2}
Armour
 b - a +0 hat (worn)
 m - a +2 pair of boots (worn)
 w - a +0 robe of magic resistance (worn)
 H - a cursed +0 ring mail
 S - a +2 pair of gloves (worn)
Jewellery
 c - a ring of protection from cold (left hand)
 g - an uncursed ring of resist corrosion
 p - an uncursed amulet of guardian spirit
 V - an uncursed ring of ice
Wands
 O - a wand of flame (16) {@v6}
 Z - a wand of digging (5) {@v1}
Scrolls
 h - 2 scrolls of enchant weapon
 j - 4 scrolls of remove curse {@r3}
 n - 3 scrolls of enchant armour
 v - a scroll of immolation {unknown}
 E - 2 scrolls of fear {unknown}
 I - a scroll of fog {unknown}
 J - a scroll of amnesia {unknown}
 M - 2 scrolls of magic mapping
 P - a scroll of noise {unknown}
 R - 2 scrolls of identify {@r1}
 T - 5 scrolls of teleportation {!r, @r2}
 Y - a scroll of random uselessness {unknown}
Potions
 k - 3 potions of curing {@q1}
 z - 2 potions of flight {unknown}
 A - a potion of haste {@q3,}
 K - a potion of ambrosia {unknown}
Comestibles
 e - 14 rations


   Skills:
 + Level 3.4 Fighting
 + Level 3.4 Short Blades
 + Level 3.4 Long Blades
 + Level 3.4 Axes
 + Level 3.4 Maces & Flails
 + Level 3.4 Polearms
 + Level 3.4 Staves
 + Level 3.4 Slings
 + Level 3.4 Bows
 + Level 3.4 Crossbows
 + Level 3.4 Throwing
 + Level 3.4 Armour
 + Level 5.8 Dodging
 + Level 5.4 Stealth
 + Level 3.4 Shields
 + Level 3.4 Unarmed Combat
 + Level 8.0 Spellcasting
 + Level 3.6 Conjurations
 + Level 2.8 Hexes
 + Level 2.8 Charms
 + Level 3.6 Summonings
 + Level 2.8 Necromancy
 + Level 3.6 Translocations
 + Level 2.8 Transmutations
 + Level 2.8 Fire Magic
 + Level 2.8 Ice Magic
 + Level 2.8 Air Magic
 + Level 2.8 Earth Magic
 + Level 2.8 Poison Magic
 + Level 3.8 Invocations
 + Level 3.4 Evocations


You had 5 spell levels left.
You knew the following spells:

 Your Spells              Type           Power        Failure   Level  Hunger
a - Magic Dart            Conj           ###.         1%          1    None
b - Call Imp              Summ           ###.....     2%          2    None
d - Blink                 Tloc           N/A          2%          2    None
j - Conjure Flame         Conj/Fire      ###.....     6%          3    None
m - Mephitic Cloud        Conj/Pois/Air  ###.....     6%          3    None
r - Corpse Rot            Necr/Air       N/A          3%          2    None
R - Regeneration          Chrm/Necr      ###.......   7%          3    None
Z - Sublimation of Blood  Necr           ###.......   3%          2    None

Your spell library contained the following spells:

 Spells                   Type           Power        Failure   Level  Hunger
 Pain                     Necr           ###.         2%          1    None
 Slow                     Hex            ###.....     3%          2    None


Dungeon Overview and Level Annotations

Branches:
Dungeon (7/15)             Temple (0/1) D:4

Altars:
Elyvilon
Fedhas
Kikubaaqudgha
Okawaru
Sif Muna
Uskayaw
Wu Jian


Innate Abilities, Weirdness & Mutations

Your experience applies equally to all skills.
You have very sharp teeth.
Your uncanny sense of smell can sniff out nearby items.


Message History

You hit the hippogriff. You freeze the hippogriff.
The hippogriff is severely wounded.
The hippogriff bites you but does no damage.
The hippogriff misses you. The hippogriff closely misses you.
You hit the hippogriff. You freeze the hippogriff.
The hippogriff is severely wounded.
The hippogriff bites you.
The hippogriff pecks you but does no damage.
The hippogriff closely misses you.
You take 2 damage, and have 35/58 hp.
You barely miss the hippogriff.
The hippogriff is severely wounded.
The hippogriff bites you. The hippogriff closely misses you.
The hippogriff barely misses you.
You take 3 damage, and have 32/58 hp.
You barely miss the hippogriff.
The hippogriff is severely wounded.
The hippogriff bites you!
* * * LOW HITPOINT WARNING * * *
The hippogriff pecks you.
* * * LOW HITPOINT WARNING * * *
The hippogriff claws you!
* * * LOW HITPOINT WARNING * * *
You take 21 damage, and have 11/58 hp.
MASSIVE DAMAGE!!
Casting: Conjure Flame (safe; 6% risk of failure)
Confirm with . or Enter, or press ? or * to list all spells.
Your skin crawls.
The hippogriff misses you. The hippogriff barely misses you.
The hippogriff claws you.
* * * LOW HITPOINT WARNING * * *
You now have 1/20 mp.
Unknown command.
Casting: Regeneration (safe; 7% risk of failure)
Confirm with . or Enter, or press ? or * to list all spells.
You don't know that spell.
Drop what? 41/52 slots (_ for help) (? for menu, Esc to quit)
Okay, then.
Unknown command.
Casting: Regeneration (safe; 7% risk of failure)
Confirm with . or Enter, or press ? or * to list all spells.
Okay, then.
Okay, then.
Evoke which item? (* to show all) (? for menu, Esc to quit)
Okay, then.
Unknown command.
You feel better.
The hippogriff bites you but does no damage.
The hippogriff pecks you but does no damage.
The hippogriff barely misses you.
You regained 7 hp, and now have 19/58 hp.
Quiver which item? (- for none, * to show all) (? for menu, Esc to quit)
Quivering
X - 5 javelins {@Q2} for throwing.
Throwing (i - inventory. (/) - cycle)
X - 5 javelins (quivered)
{@Q2}
Press: ? - help, Shift-Dir - straight line, f - big kobold, p - hippogriff
Aim: a big kobold You throw a javelin {@Q2}.
The javelin {@Q2} pierces through the hippogriff!
The hippogriff is almost dead.
The javelin {@Q2} pierces through the kobold but does no damage.
The kobold is moderately wounded.
The javelin {@Q2} barely misses the big kobold.
The hippogriff misses you.
The hippogriff pecks you but does no damage.
The hippogriff claws you but does no damage.
The hippogriff barely misses you. The hippogriff pecks you.
* * * LOW HITPOINT WARNING * * *
The hippogriff claws you.
* * * LOW HITPOINT WARNING * * *
You take 2 damage, and have 18/58 hp.
Throwing (i - inventory. (/) - cycle)
X - 4 javelins (quivered)
{@Q2}
Press: ? - help, Shift-Dir - straight line, f/p - big kobold
Aim: a big kobold You throw a javelin {@Q2}.
The javelin {@Q2} pierces through the hippogriff but does no damage.
The hippogriff is almost dead.
The javelin {@Q2} pierces through the kobold!
You kill the kobold!
Kikubaaqudgha accepts your kill.
The javelin {@Q2} closely misses the big kobold.
The hippogriff bites you!
* * * LOW HITPOINT WARNING * * *
The hippogriff pecks you but does no damage.
The hippogriff barely misses you.
You take 5 damage, and have 13/58 hp.
Unknown command.
Throwing (i - inventory. (/) - cycle)
X - 3 javelins (quivered)
{@Q2}
Press: ? - help, Shift-Dir - straight line, f/p - big kobold
Aim: a big kobold You throw a javelin {@Q2}.
The javelin {@Q2} closely misses the hippogriff.
The javelin {@Q2} closely misses the big kobold.
The javelin {@Q2} barely misses the kobold.
The kobold shouts!
Your skin is crawling a little less now.
You are feeling hungry.
The hippogriff barely misses you. x2; The hippogriff closely misses you.
The hippogriff bites you.
* * * LOW HITPOINT WARNING * * *
The hippogriff closely misses you. The hippogriff claws you!
You die...
Kikubaaqudgha rasps: "You have failed me!
Welcome... death!"

<. █K██..█ █.█ █.█
███.██K██..█ █.█ █.█
...........█ █.█ █.█
███.██.██..█ █.. ..█ █
.██.██.██..█ ███ █.█.█
.........(.█████████████.█.█
.██.███.██....KK.K.KH......█
█ █.██.█████████████.██
█.██.██...@HK)..K(.█
█.██.██.██████████.█ █.██.█
..█ █.██.█ ███ █.██.█ .. ∆


You could see a hippogriff, a big kobold and a kobold.

Vanquished Creatures
  2 centaurs (D:7)
  A bullfrog (D:7)
  A scorpion (D:7)
  A killer bee (D:7)
  5 wights (D:5)
  3 howler monkeys (D:7)
  2 crimson imps
  2 jellies
  A hound (D:6)
  A bullfrog skeleton (D:6)
  2 orc priests
  4 orc wizards
  5 worker ants
  3 gnolls (D:4)
  9 adders
  A howler monkey skeleton (D:5)
  A shadow imp (D:7)
  An ooze (D:2)
  2 adder skeletons
  6 worms
  A dart slug (D:1)
  4 leopard geckos
  17 orcs
  8 giant cockroaches
  11 goblins
  4 hobgoblins
  7 jackals
  5 quokkas
  2 ball pythons
  7 bats
  4 frilled lizards
  9 kobolds
  A quokka zombie (D:5)
  3 rats
136 creatures vanquished.

Vanquished Creatures (collateral kills)
  An ogre (D:4)
  2 orcs (D:5)
3 creatures vanquished.

Grand Total: 139 creatures vanquished

Notes
Turn   | Place    | Note
-------+----------+-------------------------------------------
     0 | D:1      | Goblin1989 the Gnoll Wizard began the quest for the Orb.
     0 | D:1      | Reached XP level 1. HP: 13/13 MP: 8/8
   242 | D:1      | Reached XP level 2. HP: 19/19 MP: 7/10
  1583 | D:2      | Reached XP level 3. HP: 25/25 MP: 1/11
  1800 | D:2      | Reached skill level 1 in Invocations
  2047 | D:2      | Found an ancient bone altar of Kikubaaqudgha.
  2053 | D:2      | Became a worshipper of Kikubaaqudgha
  2093 | D:2      | Reached skill level 1 in Fighting
  2093 | D:2      | Reached skill level 1 in Short Blades
  2093 | D:2      | Reached skill level 1 in Long Blades
  2093 | D:2      | Reached skill level 1 in Axes
  2093 | D:2      | Reached skill level 1 in Maces & Flails
  2093 | D:2      | Reached skill level 1 in Polearms
  2093 | D:2      | Reached skill level 1 in Staves
  2093 | D:2      | Reached skill level 1 in Slings
  2093 | D:2      | Reached skill level 1 in Bows
  2093 | D:2      | Reached skill level 1 in Crossbows
  2093 | D:2      | Reached skill level 1 in Throwing
  2093 | D:2      | Reached skill level 1 in Armour
  2093 | D:2      | Reached skill level 1 in Shields
  2093 | D:2      | Reached skill level 1 in Unarmed Combat
  2093 | D:2      | Reached skill level 1 in Evocations
  2199 | D:2      | Reached XP level 4. HP: 32/32 MP: 7/13
  2272 | D:2      | Found a white marble altar of Elyvilon.
  2320 | D:2      | Found an iron altar of Okawaru.
  2667 | D:2      | Found a faded altar of an unknown god.
  2750 | D:2      | Learned a level 2 spell: Blink
  2753 | D:2      | Learned a level 2 spell: Call Imp
  2757 | D:2      | Learned a level 3 spell: Conjure Flame
  2761 | D:2      | Learned a level 3 spell: Mephitic Cloud
  2928 | D:3      | Found a blossoming altar of Fedhas.
  3235 | D:3      | Reached skill level 1 in Hexes
  3235 | D:3      | Reached skill level 1 in Charms
  3235 | D:3      | Reached skill level 1 in Necromancy
  3235 | D:3      | Reached skill level 1 in Transmutations
  3235 | D:3      | Reached skill level 1 in Fire Magic
  3235 | D:3      | Reached skill level 1 in Ice Magic
  3235 | D:3      | Reached skill level 1 in Air Magic
  3235 | D:3      | Reached skill level 1 in Earth Magic
  3235 | D:3      | Reached skill level 1 in Poison Magic
  3311 | D:3      | Reached XP level 5. HP: 24/37 MP: 4/14
  3622 | D:3      | Reached * piety under Kikubaaqudgha
  3622 | D:3      | Identified Kikubaaqudgha's Volume of Darkness {god gift}
                  | (Kikubaaqudgha gifted it to you on level 3 of the Dungeon)
  3622 | D:3      | Received a gift from Kikubaaqudgha
  3645 | D:3      | Learned a level 2 spell: Sublimation of Blood
  3649 | D:3      | Learned a level 3 spell: Regeneration
  3952 | D:3      | Found a shimmering blue altar of Sif Muna.
  4760 | D:4      | Noticed an ogre
  4803 | D:4      | Killed an ogre
  4803 | D:4      | Reached XP level 6. HP: 13/44 MP: 1/16
  5218 | D:4      | Found a staircase to the Ecumenical Temple.
  5248 | D:4      | Reached skill level 5 in Dodging
  5873 | D:5      | Entered Level 5 of the Dungeon
  6235 | D:5      | Reached XP level 7. HP: 50/50 MP: 4/18
  7500 | D:5      | Reached ** piety under Kikubaaqudgha
  7626 | D:5      | Learned a level 2 spell: Corpse Rot
  7925 | D:6      | Reached skill level 5 in Stealth
  8805 | D:6      | Found a hide-covered altar of Uskayaw.
  8856 | D:6      | Reached XP level 8. HP: 51/57 MP: 13/19
 10060 | D:7      | Reached skill level 8 in Spellcasting
 10390 | D:7      | Found an ornate altar of the Wu Jian Council.
 10414 | D:7      | Noticed a hippogriff
 10488 | D:7      | Slain by a hippogriff

Levels and vault maps discovered:
D:1:      psy_arrival_whirlpool, layout_basic
D:2:      layout_basic, nicolae_overflow_crystal_walls, lemuel_round_altar,
          chequers_ecumenical_altar_grove, okawaru_gym_becter
D:3:      layout_loops_ring, fedhas_ov_isle_minmay, led_sif_pool
D:4:      layout_basic, minmay_temple_entry_mini_moons
D:5:      layout_gridville, first_ration, amethyst_killhole,
          chequers_serial_rivers_large_a
D:6:      layout_basic, marbit_many_paths
D:7:      layout_loops_ring, kennysheep_mini, nicolae_dithmenos_shadow_blocks

Skill      XL: |  1  2  3  4  5  6  7  8 |
---------------+-------------------------+-----
Conjurations   | 2 3 |  3.6
Summonings     | 2 3 |  3.6
Translocations | 2 3 |  3.6
Invocations    | 1 2 3 |  3.8
Fighting       | 1 2 3 |  3.4
Short Blades   | 1 2 3 |  3.4
Long Blades    | 1 2 3 |  3.4
Axes           | 1 2 3 |  3.4
Maces & Flails | 1 2 3 |  3.4
Polearms       | 1 2 3 |  3.4
Staves         | 1 2 3 |  3.4
Slings         | 1 2 3 |  3.4
Bows           | 1 2 3 |  3.4
Crossbows      | 1 2 3 |  3.4
Throwing       | 1 2 3 |  3.4
Armour         | 1 2 3 |  3.4
Shields        | 1 2 3 |  3.4
Unarmed Combat | 1 2 3 |  3.4
Evocations     | 1 2 3 |  3.4
Hexes          | 1 2 |  2.8
Charms         | 1 2 |  2.8
Necromancy     | 1 2 |  2.8
Transmutations | 1 2 |  2.8
Fire Magic     | 1 2 |  2.8
Ice Magic      | 1 2 |  2.8
Air Magic      | 1 2 |  2.8
Earth Magic    | 1 2 |  2.8
Poison Magic   | 1 2 |  2.8
Dodging        | 5 |  5.8
Stealth        | 5 |  5.4
Spellcasting   | 8 |  8.0

Action                   |  1- 3 |  4- 6 |  7- 9 || total
-------------------------+-------+-------+-------++-------
Melee: Unarmed           |     3 |       |       ||     3
       Bite              |     1 |     1 |     2 ||     4
       Dagger            |     6 |       |       ||     6
       Rapier            |       |    26 |       ||    26
       Trident           |       |    13 |    28 ||    41
Throw: Javelin           |       |     2 |     3 ||     5
       Boomerang         |       |       |     3 ||     3
 Cast: Magic Dart        |    94 |   195 |   282 ||   571
       Call Imp          |       |     9 |     9 ||    18
       Regeneration      |       |     3 |     8 ||    11
       Sublimation of Bl |       |     3 |       ||     3
       Conjure Flame     |       |       |     6 ||     6
       Mephitic Cloud    |       |       |     2 ||     2
       Blink             |       |       |     1 ||     1
  Use: Scroll            |       |     9 |       ||     9
       Potion            |       |       |     1 ||     1
  Eat: Chunk             |     4 |     9 |     9 ||    22
       Ration            |       |     1 |     1 ||     2
Armor: Robe              |     3 |    16 |    43 ||    62
Dodge: Dodged            |    16 |    59 |   129 ||   204

Table legend:
 A = Non-vault XP
 B = Vault XP
 C = Vault XP percentage of total XP
 D = Non-vault monster count
 E = Vault monster count
 F = Vault count percentage of total count
                 A         B        C        D         E       F
            +---------+---------+-------+---------+---------+-------
      Total |    1970 |      48 |   2.4 |     138 |       1 |   0.7
            +---------+---------+-------+---------+---------+-------
        D:1 |      26 |       0 |   0.0 |      15 |       0 |   0.0
        D:2 |      65 |       0 |   0.0 |      25 |       0 |   0.0
        D:3 |     211 |       0 |   0.0 |      35 |       0 |   0.0
        D:4 |     151 |       0 |   0.0 |      10 |       0 |   0.0
        D:5 |     436 |       0 |   0.0 |      23 |       0 |   0.0
        D:6 |     296 |      48 |  14.0 |      10 |       1 |   9.1
        D:7 |     785 |       0 |   0.0 |      20 |       0 |   0.0
            +---------+---------+-------+---------+---------+-------

Levels and vault maps discovered:
D:1:      psy_arrival_whirlpool, layout_basic
D:2:      layout_basic, nicolae_overflow_crystal_walls, lemuel_round_altar,
          chequers_ecumenical_altar_grove, okawaru_gym_becter
D:3:      layout_loops_ring, fedhas_ov_isle_minmay, led_sif_pool
D:4:      layout_basic, minmay_temple_entry_mini_moons
D:5:      layout_gridville, first_ration, amethyst_killhole,
          chequers_serial_rivers_large_a
D:6:      layout_basic, marbit_many_paths
D:7:      layout_loops_ring, kennysheep_mini, nicolae_dithmenos_shadow_blocks
